[ PARTIDA AOE2 · #457962924 ]
1v1 RMSicilianos vs Italians
Equipo del jugador · VICT
Equipo rival · DERR
[ ANÁLISIS DE REPETICIÓN · EXTRAÍDO DE LA PARTIDA GRABADA ]
Feudal
10:47
Castillos
21:11
Imperial
38:41
| APM promedio | 29.5 |
| APM pico | 56 |
| eAPM promedio | 15.5 |
| Aldeanos / militares | 64 / 76 |
Foco
⚔️ 26.9% · 🌾 73.1%
Knight ×57 · Fishing Ship ×7 · Demolition Raft ×5 · Skirmisher ×4 · Trebuchet (Packed) ×4 · Serjeant ×3
Feudal
9:44
Castillos
22:25
Imperial
43:37
| APM promedio | 48.7 |
| APM pico | 103 |
| eAPM promedio | 19.6 |
| Aldeanos / militares | 102 / 117 |
Foco
⚔️ 49.1% · 🌾 50.9%
Knight ×40 · Scout Cavalry ×34 · Genoese Crossbowman ×18 · Skirmisher ×9 · Archer ×8 · Fishing Ship ×5
Mapa de la partida
Recursos iniciales + cada clic de construcción. Líneas = muros · curvas = relieve. ◆ oro · ⬟ piedra · ● bayas · ✦ reliquia · ◌ hueco del cierre
Tu base· Abierta — hueco de 8t
Base de cosmos· Abierta — flanco sin cerrar
Terreno inicial suavizado · ◌ = hueco del cierre detectado · pasá el cursor para detalles
Inputs por minuto
— Ekonant - - cosmos
Build order — Ekonant
Primeras 150 de 247 acciones detectadas
| 0:01 | Crear | Villager (Male) |
| 0:02 | Crear | Villager (Male) |
| 0:02 | Crear | Villager (Male) |
| 0:04 | Construir | House |
| 0:05 | Construir | House |
| 0:50 | Crear | Villager (Male) |
| 1:27 | Crear | Villager (Male) |
| 1:54 | Construir | Lumber Camp |
| 2:06 | Crear | Villager (Male) |
| 2:28 | Crear | Villager (Male) |
| 2:57 | Crear | Villager (Male) |
| 3:08 | Crear | Villager (Male) |
| 3:24 | Construir | House |
| 3:50 | Crear | Villager (Male) |
| 4:17 | Crear | Villager (Male) |
| 4:42 | Construir | Dock |
| 4:48 | Crear | Villager (Male) |
| 4:53 | Crear | Villager (Male) |
| 5:14 | Crear | Villager (Male) |
| 5:41 | Crear | Villager (Male) |
| 5:45 | Crear | Fishing Ship |
| 6:11 | Construir | House |
| 6:21 | Crear | Fishing Ship |
| 6:29 | Crear | Villager (Male) |
| 6:56 | Investigar | Loom |
| 7:03 | Crear | Villager (Male) |
| 7:08 | Crear | Fishing Ship |
| 7:45 | Construir | Donjon |
| 7:47 | Investigar | Loom |
| 8:10 | Crear | Villager (Male) |
| 8:15 | Crear | Fishing Ship |
| 8:28 | Construir | House |
| 8:36 | Investigar | Feudal Age |
| 9:07 | Construir | Mining Camp |
| 9:16 | Construir | Mill |
| 9:27 | Crear | Villager (Male) |
| 9:28 | Crear | Villager (Male) |
| 9:33 | Crear | Fishing Ship |
| 10:21 | Crear | Fishing Ship |
| 10:32 | Construir | House |
| 10:39 | Construir | House |
| 10:47 | Edad | Edad Feudal |
| 10:53 | Investigar | Double-Bit Axe |
| 10:56 | Investigar | Horse Collar |
| 11:06 | Crear | Villager (Male) |
| 11:11 | Crear | Demolition Raft |
| 11:26 | Crear | Fishing Ship |
| 11:48 | Construir | Archery Range |
| 12:11 | Crear | Villager (Male) |
| 12:12 | Crear | Villager (Male) |
| 12:56 | Construir | House |
| 13:00 | Construir | House |
| 13:10 | Crear | Serjeant |
| 13:11 | Crear | Archer |
| 13:12 | Crear | Archer |
| 13:15 | Investigar | Wheelbarrow |
| 13:20 | Construir | House |
| 13:39 | Crear | Serjeant |
| 13:42 | Crear | Serjeant |
| 14:09 | Crear | Demolition Raft |
| 14:19 | Construir | Mining Camp |
| 14:39 | Crear | Villager (Male) |
| 14:40 | Crear | Villager (Male) |
| 15:03 | Crear | Villager (Male) |
| 15:16 | Crear | Skirmisher |
| 15:17 | Crear | Skirmisher |
| 15:17 | Crear | Skirmisher |
| 15:44 | Crear | Skirmisher |
| 15:48 | Crear | Villager (Male) |
| 16:08 | Crear | Villager (Male) |
| 16:28 | Construir | Donjon |
| 17:04 | Crear | Villager (Male) |
| 17:22 | Crear | Villager (Male) |
| 17:23 | Crear | Villager (Male) |
| 17:37 | Construir | Stable |
| 17:41 | Construir | Farm |
| 17:45 | Crear | Demolition Raft |
| 18:05 | Crear | Archer |
| 18:12 | Crear | Demolition Raft |
| 18:13 | Crear | Demolition Raft |
| 18:31 | Investigar | Castle Age |
| 18:42 | Construir | Farm |
| 18:46 | Construir | Farm |
| 18:49 | Construir | Farm |
| 18:51 | Construir | Farm |
| 18:55 | Construir | Farm |
| 18:59 | Construir | Farm |
| 19:21 | Construir | Lumber Camp |
| 19:40 | Construir | Lumber Camp |
| 20:08 | Construir | Stable |
| 20:19 | Construir | Blacksmith |
| 20:31 | Construir | Farm |
| 20:43 | Construir | Farm |
| 20:46 | Construir | Farm |
| 20:49 | Construir | Farm |
| 20:55 | Investigar | Bloodlines |
| 21:06 | Construir | Farm |
| 21:11 | Edad | Edad de los Castillos |
| 21:12 | Investigar | Scale Barding Armor |
| 21:13 | Investigar | Forging |
| 21:16 | Investigar | Husbandry |
| 21:17 | Crear | Knight |
| 21:39 | Investigar | Gold Mining |
| 22:10 | Crear | Villager (Male) |
| 22:10 | Crear | Villager (Male) |
| 22:16 | Crear | Knight |
| 22:49 | Construir | Town Center |
| 22:57 | Crear | Villager (Male) |
| 23:06 | Construir | House |
| 23:11 | Investigar | Chain Barding Armor |
| 23:30 | Construir | Town Center |
| 23:39 | Crear | Villager (Male) |
| 23:39 | Crear | Villager (Male) |
| 23:42 | Crear | Knight |
| 23:52 | Crear | Knight |
| 24:14 | Investigar | Town Watch |
| 24:26 | Crear | Villager (Male) |
| 24:26 | Crear | Villager (Male) |
| 24:30 | Construir | Farm |
| 24:38 | Crear | Villager (Male) |
| 24:49 | Crear | Knight |
| 25:09 | Crear | Knight |
| 25:46 | Crear | Knight |
| 25:46 | Crear | Knight |
| 26:00 | Crear | Knight |
| 26:54 | Crear | Knight |
| 26:54 | Crear | Knight |
| 27:03 | Crear | Villager (Male) |
| 27:04 | Crear | Villager (Male) |
| 27:18 | Crear | Villager (Male) |
| 27:18 | Crear | Villager (Male) |
| 27:18 | Crear | Villager (Male) |
| 27:20 | Crear | Villager (Male) |
| 27:23 | Investigar | Bow Saw |
| 27:30 | Construir | Farm |
| 27:31 | Construir | Farm |
| 27:32 | Construir | Farm |
| 27:56 | Construir | Farm |
| 27:58 | Crear | Knight |
| 27:58 | Crear | Knight |
| 27:58 | Crear | Knight |
| 28:03 | Construir | Farm |
| 28:06 | Construir | Farm |
| 28:13 | Construir | Farm |
| 28:18 | Investigar | Iron Casting |
| 28:38 | Crear | Knight |
| 28:38 | Crear | Knight |
| 28:48 | Construir | Farm |
| 29:05 | Construir | House |
| 29:29 | Crear | Villager (Male) |
Build order — cosmos
Primeras 150 de 344 acciones detectadas
| 0:01 | Crear | Villager (Male) |
| 0:01 | Crear | Villager (Male) |
| 0:01 | Crear | Villager (Male) |
| 0:03 | Construir | House |
| 0:05 | Construir | House |
| 0:11 | Crear | Villager (Male) |
| 1:31 | Crear | Villager (Male) |
| 1:46 | Construir | Lumber Camp |
| 1:58 | Crear | Villager (Male) |
| 2:27 | Crear | Villager (Male) |
| 2:45 | Crear | Villager (Male) |
| 3:18 | Crear | Villager (Male) |
| 3:41 | Crear | Villager (Male) |
| 3:53 | Construir | House |
| 3:55 | Construir | House |
| 4:14 | Crear | Villager (Male) |
| 4:39 | Crear | Villager (Male) |
| 5:11 | Crear | Villager (Male) |
| 5:31 | Construir | Mill |
| 5:39 | Crear | Villager (Male) |
| 6:05 | Crear | Villager (Male) |
| 6:11 | Crear | Villager (Male) |
| 6:28 | Crear | Villager (Male) |
| 6:51 | Investigar | Loom |
| 7:09 | Construir | Barracks |
| 7:15 | Construir | House |
| 7:34 | Investigar | Feudal Age |
| 8:09 | Crear | Villager (Male) |
| 8:17 | Crear | Militia |
| 8:18 | Crear | Militia |
| 8:35 | Construir | Mining Camp |
| 9:18 | Crear | Militia |
| 9:36 | Crear | Villager (Male) |
| 9:44 | Edad | Edad Feudal |
| 9:46 | Construir | Archery Range |
| 9:51 | Crear | Villager (Male) |
| 10:18 | Investigar | Man-at-Arms (upgrade) |
| 10:20 | Crear | Villager (Male) |
| 10:36 | Crear | Villager (Male) |
| 10:44 | Construir | House |
| 10:46 | Construir | House |
| 10:51 | Crear | Archer |
| 10:59 | Crear | Villager (Male) |
| 11:09 | Crear | Villager (Male) |
| 11:25 | Construir | Archery Range |
| 11:31 | Crear | Villager (Male) |
| 11:33 | Crear | Archer |
| 11:41 | Crear | Spearman |
| 11:49 | Crear | Archer |
| 12:17 | Crear | Villager (Male) |
| 12:18 | Crear | Archer |
| 12:32 | Crear | Archer |
| 13:03 | Crear | Villager (Male) |
| 13:05 | Crear | Archer |
| 13:07 | Crear | Archer |
| 13:10 | Construir | House |
| 13:13 | Construir | Farm |
| 13:39 | Crear | Villager (Male) |
| 13:42 | Construir | Farm |
| 13:48 | Construir | House |
| 13:49 | Crear | Archer |
| 14:19 | Construir | Blacksmith |
| 14:20 | Crear | Villager (Male) |
| 14:26 | Crear | Villager (Male) |
| 14:46 | Crear | Villager (Male) |
| 14:48 | Crear | Villager (Male) |
| 15:26 | Crear | Villager (Male) |
| 15:48 | Crear | Villager (Male) |
| 15:53 | Construir | House |
| 15:56 | Construir | Farm |
| 15:59 | Construir | Farm |
| 16:00 | Construir | Farm |
| 16:01 | Construir | Farm |
| 16:03 | Construir | Farm |
| 16:05 | Crear | Villager (Male) |
| 16:08 | Construir | Farm |
| 16:10 | Construir | Farm |
| 16:15 | Construir | Farm |
| 16:19 | Construir | Farm |
| 16:30 | Construir | House |
| 16:56 | Crear | Villager (Male) |
| 17:10 | Crear | Villager (Male) |
| 17:20 | Construir | Farm |
| 17:22 | Construir | Farm |
| 17:23 | Construir | Farm |
| 17:25 | Construir | Farm |
| 17:26 | Crear | Villager (Male) |
| 17:58 | Construir | Farm |
| 18:03 | Construir | Farm |
| 18:03 | Crear | Villager (Male) |
| 18:05 | Construir | Farm |
| 18:09 | Construir | Farm |
| 18:09 | Crear | Villager (Male) |
| 18:17 | Construir | Market |
| 18:52 | Crear | Villager (Male) |
| 19:19 | Crear | Villager (Male) |
| 19:28 | Investigar | Castle Age |
| 19:34 | Construir | Mining Camp |
| 19:38 | Construir | Stable |
| 20:33 | Crear | Skirmisher |
| 20:34 | Crear | Skirmisher |
| 20:34 | Crear | Skirmisher |
| 20:35 | Crear | Skirmisher |
| 20:49 | Construir | Farm |
| 20:52 | Investigar | Gold Mining |
| 20:57 | Construir | Stable |
| 21:27 | Investigar | Scale Barding Armor |
| 21:33 | Crear | Skirmisher |
| 21:33 | Crear | Skirmisher |
| 21:34 | Crear | Skirmisher |
| 21:39 | Construir | House |
| 21:40 | Construir | House |
| 21:49 | Investigar | Bloodlines |
| 21:56 | Investigar | Horse Collar |
| 22:25 | Edad | Edad de los Castillos |
| 22:27 | Crear | Knight |
| 22:31 | Crear | Knight |
| 22:31 | Crear | Knight |
| 22:33 | Investigar | Forging |
| 22:36 | Crear | Villager (Male) |
| 22:37 | Crear | Villager (Male) |
| 22:43 | Construir | House |
| 22:45 | Construir | House |
| 22:58 | Crear | Knight |
| 22:59 | Crear | Knight |
| 23:04 | Crear | Villager (Male) |
| 23:15 | Construir | Farm |
| 23:22 | Investigar | Heavy Plow |
| 23:32 | Construir | Farm |
| 23:47 | Construir | Dock |
| 23:54 | Crear | Knight |
| 24:00 | Crear | Knight |
| 24:09 | Crear | Skirmisher |
| 24:09 | Crear | Skirmisher |
| 24:13 | Construir | Farm |
| 24:15 | Crear | Villager (Male) |
| 24:29 | Investigar | Husbandry |
| 24:31 | Crear | Villager (Male) |
| 24:33 | Crear | Demolition Raft |
| 24:53 | Crear | Villager (Male) |
| 25:15 | Crear | Villager (Male) |
| 25:55 | Investigar | Crossbowman (upgrade) |
| 25:56 | Crear | Villager (Male) |
| 25:57 | Crear | Villager (Male) |
| 26:25 | Crear | Villager (Male) |
| 26:38 | Crear | Villager (Male) |
| 26:39 | Crear | Villager (Male) |
| 26:41 | Crear | Demolition Raft |
| 26:41 | Crear | Demolition Raft |
| 26:56 | Crear | Knight |
Cronología de la partida
| 4:42 | Ekonant · first_building Dock |
| 7:09 | cosmos · first_building Barracks |
| 7:45 | Ekonant · first_building Donjon |
| 9:44 | cosmos · age_up feudal |
| 9:46 | cosmos · first_building Archery Range |
| 10:47 | Ekonant · age_up feudal |
| 11:48 | Ekonant · first_building Archery Range |
| 17:37 | Ekonant · first_building Stable |
| 19:24 | cosmos · first_market_buy 100 food |
| 19:38 | cosmos · first_building Stable |
| 21:11 | Ekonant · age_up castle |
| 22:25 | cosmos · age_up castle |
| 23:47 | cosmos · first_building Dock |
| 29:32 | cosmos · wall_segment Stone Wall x1 |
| 31:58 | Ekonant · first_building Castle |
| 33:11 | cosmos · first_building Castle |
| 37:27 | cosmos · first_market_sell 100 food |
| 37:38 | Ekonant · first_building Barracks |
| 38:41 | Ekonant · age_up imperial |
| 43:23 | Ekonant · first_market_sell 100 food |
| 43:37 | cosmos · age_up imperial |
| 45:25 | cosmos · resign |
[ ANÁLISIS IA · 1 CRÉDITO ]
¿Qué pasó realmente en esta partida?
Wolo.gg analiza cada decisión: build order, eco, micro, errores típicos por bracket. Análisis personalizado por WhatsApp o Discord en 30 segundos.
Guía civ
Sicilianos
Guía mapa
Four Lakes
Perfil
Jugador #300449